 Dungeon Crawl Stone Soup version 0.28.0-47-ge53b351184 (webtiles) character file.

Game seed: 3516794080227398059

30 101zpm the Magician (level 3, -1/25 HPs)
             Began as a Djinni Fire Elementalist on May 9, 2022.
             Killed by nerve-wracking pain
             ... invoked by an orc priest
              (9 damage)
             ... on level 3 of the Dungeon.
             The game lasted 00:00:54 (539 turns).

101zpm the Magician (Djinni Fire Elementalist)       Turns: 539, Time: 00:00:54

Health: -1/25      AC:  2    Str:  7    XL:     3   Next: 37%
Gold:   37         EV: 12    Int: 18    God:
                   SH:  0    Dex: 13

rFire   + + .      SeeInvis .   (no weapon)
rCold   x . .      Faith    .   (no shield)
rNeg    . . .      Spirit   .   a - +0 robe
rPois   ∞          Reflect  .   (no helmet)
rElec   .          Harm     .   (no cloak)
rCorr   .          Rampage  .   (no gloves)
Will    +....                   (boots unavailable)
Stlth   ++........              (no amulet)
HPRegen 0.08/turn               b - ring of willpower
MPRegen 0.00/turn               (no ring)

@: flying, very slightly contaminated
A: sickness immunity, fire resistance 2, cold vulnerability 1, float, innate
caster, HP casting, extra vitality 1
a: no special abilities


You were on level 3 of the Dungeon.
You visited 1 branch of the dungeon, and saw 3 of its levels.

You collected 37 gold pieces.

Inventory:

Armour
 a - a +0 robe (worn)
Jewellery
 b - a ring of willpower (left hand)


   Skills:
 + Level 2.4 Dodging
 + Level 2.1 Stealth
 + Level 3.0 Spellcasting


You couldn't memorise any spells.
You knew the following spells:

 Your Spells              Type           Power      Damage    Failure   Level
a - Foxfire               Conj/Fire      52%        2x1d6     4%          1
b - Scorch                Fire           26%        2d6       7%          2
c - Conjure Flame         Conj/Fire      13%        6-21      14%         3
d - Inner Flame           Hex/Fire       13%        N/A       14%         3
e - Flame Wave            Conj/Fire      13%        2d6       43%         4
f - Shock                 Conj/Air       52%        1d6       4%          1
Your spell library was empty.

Dungeon Overview and Level Annotations

Branches:
Dungeon (3/15)

Altars:


Innate Abilities, Weirdness & Mutations

You are immune to sickness and miasma.
You are immune to poison.
Your flesh is very heat resistant. (rF++)
You are vulnerable to cold. (rC-)
You float through the air rather than walking.
You learn spells naturally, not from books.
Your magical power is your life essence.
You have superior vitality. (+4 MHP)


Message History

Your foxfire dissipates!
An orc comes into view. It is wielding a +0 whip.
You conjure some foxfire!
The foxfire hits the orc.
The orc is heavily wounded.
You conjure some foxfire!
The foxfire hits the orc.
The orc is almost dead.
Your foxfire dissipates! x2
You miscast Foxfire.
Nothing appears to happen.
Your foxfire dissipates!
The foxfire hits the orc.
You kill the orc!
Unknown command.
Your foxfire dissipates!
An orc priest comes into view. It is wielding a +0 flail.
You conjure some foxfire!
Your foxfire dissipates! x2
You are too injured to fight recklessly!
Unknown command.
Casting: Foxfire (safe; 4% risk of failure)
Press: ? - help, Q - select action, (/) - cycle Dir - look around, f - activate You conjure some foxfire!
Casting: Foxfire (safe; 4% risk of failure)
Press: ? - help, Q - select action, (/) - cycle Dir - look around, f - activate You conjure some foxfire!
An orc comes into view. It is wielding a +1 vorpal hand axe.
Unknown command.
Casting: Foxfire (safe; 4% risk of failure)
Press: ? - help, Q - select action, (/) - cycle Dir - look around, f - activate You conjure some foxfire!
The foxfire hits the orc priest but does no damage.
Casting: Foxfire (safe; 4% risk of failure)
Press: ? - help, Q - select action, (/) - cycle Dir - look around, f - activate You conjure some foxfire!
The foxfire hits the orc.
The orc is moderately wounded.
The foxfire hits the orc priest.
The orc priest is lightly wounded.
The orc priest calls down the wrath of Beogh upon you.
Pain shoots through your body!
You die...

#.##########.
#.............. .#
#####.#(#####.###.#
########..#.####.....
.........###........
. .#######..#.#.##..#
.). #.#.#.#.#..##o)#
#.....#..vv§§§).#
#........§#@§##.
######.##.v#§#
##.#.##v# ..(. o#
#.....§.. ####.##..
#.# ... #.# ##. #.


You could see an orc priest (ally target) and an orc (ally target).

Vanquished Creatures
  2 adders (D:2)
  3 orcs (D:3)
  3 goblins
  A ball python (D:3)
  A bat (D:2)
  A rat (D:2)
11 creatures vanquished.

Vanquished Creatures (others)
  57 foxfires
  A fungus (D:3)
58 creatures vanquished.

Grand Total: 69 creatures vanquished

Notes
Turn   | Place    | Note
-------+----------+-------------------------------------------
     0 | D:1      | 101zpm the Djinni Fire Elementalist began the quest for the
                  | Orb.
     0 | D:1      | Reached XP level 1. HP: 15/15 MP: 0/0
    23 | D:2      | Reached XP level 2. HP: 12/21 MP: 0/0
   288 | D:2      | Reached XP level 3. HP: 21/25 MP: 0/0
   288 | D:2      | Learned a level 1 spell: Shock
   530 | D:3      | Reached skill level 3 in Spellcasting
   539 | D:3      | Killed from afar by an orc priest

Illustrated notes

Levels and vault maps discovered:
D:1:      dpeg_arrival_water_fire, layout_basic, serial_shops, shop,
          nicolae_shop_crystal, serial_park_tiny_1, minmay_misc_feat_ornament
D:2:      layout_loops_ring, kennysheep_cross_room, minmay_fractal_squares_5
D:3:      layout_loops_ring, serial_shops, shop, uniq_crazy_yiuf_cottage

Skill      XL: |  1  2  3 |
---------------+----------+-----
Stealth        | 2 |  2.1
Spellcasting   | 3 |  3.0
Dodging        | |  2.4

Action                   || total
-------------------------++-------
 Cast: Foxfire           ||    36
Dodge: Dodged            ||     2
